 Dungeon Crawl Stone Soup version 0.24-a0-235-g3f03afcf10 (webtiles) character file.

Game seed: 13437145426970911981

21 Redear the Caller (level 2, -2/12 HPs)
             Began as a Felid Summoner on Apr 8, 2019.
             Hit by a goblin thrown by Robin (3 damage)
             ... on level 2 of the Dungeon.
             The game lasted 00:03:54 (978 turns).

Redear the Caller (Felid Summoner)                   Turns: 978, Time: 00:03:54

Health: -2/12      AC:  1    Str:  4    XL:     2   Next: 62%
Magic:  6/6        EV: 18    Int: 16    God:
Gold:   91         SH:  0    Dex: 16    Spells: 1/5 levels left
                                        Lives:  0   Deaths: 0

rFire    . . .     SeeInvis +     - Unarmed
rCold    . . .     Gourm    .   (shield unavailable)
rNeg     . . .     Faith    .   (armour unavailable)
rPois    .         Spirit   .   (helmet unavailable)
rElec    .         Reflect  .   (cloak unavailable)
rCorr    .         Harm     .   (gloves unavailable)
MR       .....     Rnd*Tele +   (boots unavailable)
Stlth    +++.......             (no amulet)
HPRegen  0.04/turn              (no ring)
MPRegen  0.10/turn              (no ring)

@: lethally poisoned (-2 -> -13), quick
A: very small, no armour, no weapons or thrown items, stealth, claws 1, fangs 3,
see invisible, carnivore, deterioration 1, speed 1, shaggy fur 1, slow
metabolism 1, teleportitis 1, MP-powered wands, sharp paws
a: no special abilities


You were on level 2 of the Dungeon.
You were not hungry.

You visited 1 branch of the dungeon, and saw 2 of its levels.

You collected 91 gold pieces.

Inventory:

Jewellery
 d - an uncursed ring of poison resistance {unknown}
Scrolls
 b - 6 scrolls of identify {unknown}
 e - 3 scrolls of remove curse {unknown}
 f - a scroll of fear {unknown}
 g - a scroll of teleportation {unknown}
 h - a scroll of immolation {unknown}
Potions
 i - a potion of heal wounds {unknown}
Comestibles
 z - 5 rations


   Skills:
 + Level 1.1 Fighting
 + Level 3.3 Dodging
 - Level 2.6 Stealth
 + Level 1.2 Unarmed Combat
 - Level 2.0 Spellcasting
 - Level 4.0 Summonings


You had one spell level left.
You knew the following spells:

 Your Spells              Type           Power        Failure   Level  Hunger
a - Call Imp              Summ           ##......     6%          2    ###....
b - Confusing Touch       Hex            #.....       21%         1    #......
z - Summon Small Mammal   Summ           ##..         4%          1    #......

Your spell library contained the following spells:

 Spells                   Type           Power        Failure   Level  Hunger
 Call Canine Familiar     Summ           ##......     12%         3    ###....
 Summon Guardian Golem    Hex/Summ       #.......     26%         3    ###....
 Confuse                  Hex            #.......     52%         3    ###....
 Gell's Gravitas          Tloc           #.........   52%         3    ###....
 Summon Ice Beast         Ice/Summ       #.......     65%         4    #####..
 Summon Lightning Spire   Summ/Air       #.......     65%         4    #####..
 Petrify                  Tmut/Erth      #.......     90%         4    #####..
 Metabolic Englaciation   Hex/Ice        #.........   99%         5    ######.
 Yara's Violent Unravell  Hex/Tmut       #.........   99%         5    ######.


Dungeon Overview and Level Annotations

Branches:
Dungeon (2/15)

Altars:

Annotations:
D:2 Robin


Innate Abilities, Weirdness & Mutations

You cannot wear armour.
You are incapable of wielding weapons or throwing items.
Your paws allow you to move quietly. (Stealth)
You have sharp claws.
You have razor-sharp teeth.
You have supernaturally acute eyesight. (SInv)
You are carnivorous and can eat meat at any time.
You cover ground quickly.
You are covered in fur. (AC +1)
You have a slow metabolism.
Your sharp claws are effective at attacking unaware monsters.
Your body sometimes deteriorates upon taking damage.
You are occasionally teleported next to monsters.
You expend magic power (3 MP) to strengthen your wands.


Message History

Robin roars a battlecry!
The goblin goes into a battle-frenzy!
Your crimson imp hits the goblin.
You take 1 damage, and have 3/12 hp.
It was a potion of magic.
Magic courses through your body.
* * * LOW HITPOINT WARNING * * *
You feel sick.
Something closely misses your crimson imp.
Robin closely misses you.
Your crimson imp hits the goblin.
The goblin dies!
You take 1 damage, and have 2/12 hp.
MP restored: 6 It was a potion of mutation.
You feel extremely strange.
You feel yourself wasting away.
You feel weirdly uncertain.
You feel your magical essence link to your wands.
* * * LOW HITPOINT WARNING * * *
You feel sick. Something misses your crimson imp.
Robin throws the goblin at you!
You die...

#.# #.# #.# #ยง#
#.# #########.#
##...# #......##g#
.....+.#.####.##@#
.....#.#.# #.##g#
....<#.#.# #<##.#
.....#.#.#######(#
!...g#.#.g..g5.5.#
g.g..g....ggg5####
gg..##.##.###.#
##+#(..g(.....#####
#................


You could see Robin, a goblin and a friendly crimson imp.

Vanquished Creatures
  A leopard gecko (D:1)
  4 goblins
  A hobgoblin (D:1)
  2 bats (D:1)
  2 frilled lizards (D:1)
  2 kobolds
  2 rats
14 creatures vanquished.

Vanquished Creatures (collateral kills)
  A bat (D:1)
  A giant cockroach (D:1)
  5 goblins (D:2)
7 creatures vanquished.

Grand Total: 21 creatures vanquished

Notes
Turn   | Place    | Note
-------+----------+-------------------------------------------
     0 | D:1      | Redear the Felid Summoner began the quest for the Orb.
     0 | D:1      | Reached XP level 1. HP: 7/7 MP: 4/4
   365 | D:1      | Reached skill level 3 in Dodging
   557 | D:1      | Reached XP level 2. HP: 10/12 MP: 6/6
   641 | D:1      | Reached skill level 1 in Unarmed Combat
   900 | D:2      | Reached skill level 1 in Fighting
   911 | D:2      | Learned a level 2 spell: Call Imp
   913 | D:2      | Learned a level 1 spell: Confusing Touch
   924 | D:2      | Noticed Robin
   978 | D:2      | Gained mutation: Your body sometimes deteriorates upon
                  | taking damage. [potion of mutation]
   978 | D:2      | Gained mutation: You are occasionally teleported next to
                  | monsters. [potion of mutation]
   978 | D:2      | Gained mutation: You expend magic power (3 MP) to
                  | strengthen your wands. [potion of mutation]
   978 | D:2      | HP: 1/12 [poisoned by Robin]
   978 | D:2      | Hit by a goblin thrown by Robin

Levels and vault maps discovered:
D:1:      dpeg_arrival_simpleton_b, layout_loops_corners, minmay_distorted
D:2:      kennysheep_six_static_rooms, layout_basic, first_ration, uniq_robin

Skill      XL: |  1  2 |
---------------+-------+-----
Dodging        | 3 |  3.3
Unarmed Combat | 1 |  1.2
Fighting       | 1 |  1.1
Stealth        | |  2.6
Spellcasting   | |  2.0
Summonings     | |  4.0

Action                   || total
-------------------------++-------
Melee: Unarmed           ||    60
       Bite              ||     7
 Cast: Summon Small Mamm ||     4
       Call Imp          ||     4
  Use: Potion            ||     2
 Stab: Sleeping          ||     7
Armor: Skin              ||     7
Dodge: Dodged            ||    53

Table legend:
 A = Non-vault XP
 B = Vault XP
 C = Vault XP percentage of total XP
 D = Non-vault monster count
 E = Vault monster count
 F = Vault count percentage of total count
                 A         B        C        D         E       F
            +---------+---------+-------+---------+---------+-------
      Total |      17 |      13 |  43.3 |      12 |       9 |  42.9
            +---------+---------+-------+---------+---------+-------
        D:1 |      14 |       4 |  22.2 |      10 |       2 |  16.7
        D:2 |       3 |       9 |  75.0 |       2 |       7 |  77.8
            +---------+---------+-------+---------+---------+-------
